 Dungeon Crawl Stone Soup version 0.31-a0-435-g2c6fae2916 (webtiles) character file.

Game seed: 3066185116294757272

611 Gelion the Changeling (level 7, 0/36 HPs)
             Began as an Octopode Shapeshifter on Aug 2, 2023.
             Was an Initiate of Gozag.
             Succumbed to a kobold brigand's curare-tipped dart
             ... in a sewer.
             The game lasted 00:08:39 (3606 turns).

Gelion the Changeling (Octopode Shapeshifter)       Turns: 3606, Time: 00:08:39

Health: 0/36       AC:  9    Str: 19    XL:     7   Next: 44%
Magic:  7/7        EV: 10    Int: 11    God:    Gozag
Gold:   204        SH:  0    Dex: 14    Spells: 6/6 levels left

rFire   + .          .
                       - Unarmed
rCold   + . .        (shield currently unavailable)
rNeg    . . .        (helmet currently unavailable)
rPois   .            (no amulet)
rElec   .            b - ring of protection from fire
rCorr   .            q - ring of protection from cold
SInv    .            (no ring)
Will    .....        (no ring)
Stlth   +            (no ring)
HPRegen 0.26/turn    (no ring)
MPRegen 0.10/turn    (no ring)
                     (no ring)

%: no passive effects
@: lethally poisoned (0 -> -20), snake-form, gold aura, slowed, very slow
A: constrict, reduced hp, almost no armour, amphibious, 8 rings, large,
(camouflage 1), (gelatinous body 1), (nimble swimmer 1), (tentacles)
a: Begin Untransformation, Renounce Religion, Potion Petition, Call Merchant,
Bribe Branch


You were in a sewer.
You worshipped Gozag.
Gozag was aware of your devotion.
You were an enormous anaconda.
You visited 2 branches of the dungeon, and saw 6 of its levels.
You also visited: Sewer.

You collected 255 gold pieces.
You paid 51 gold pieces to Gozag.

Inventory:

Jewellery
 b - a ring of protection from fire (left tentacle)
 q - a ring of protection from cold (right tentacle)
Talismans
 m - a serpent talisman (active)
Wands
 i - a wand of polymorph (9)
 l - a wand of charming (10)
Scrolls
 f - 2 scrolls of butterflies
 k - a scroll of teleportation
 o - a scroll of enchant armour
 p - a scroll of silence {unknown}
 r - a scroll of brand weapon {unknown}
 s - a scroll of fear {unknown}
 t - a scroll of revelation {unknown}
Potions
 a - 2 potions of lignification
 c - a potion of attraction
 d - a potion of heal wounds
 e - a potion of brilliance
 g - 3 potions of enlightenment
 h - a potion of haste
 j - a potion of degeneration {unknown}
 n - a potion of curing {unknown}


   Skills:
 + Level 3.8 Fighting
 - Level 2.0 Dodging
 + Level 4.9 Unarmed Combat
 * Level 5.5 Shapeshifting


You had 6 spell levels left.
You didn't know any spells.
Your spell library was empty.

Dungeon Overview and Level Annotations

Branches:
Dungeon (5/15)             Temple (1/1) D:5           Sewer (1/1)

Altars:
Ashenzari
Cheibriados
Dithmenos
Elyvilon
Fedhas
Gozag
Hepliaklqana
Kikubaaqudgha
Makhleb
Nemelex Xobeh
Okawaru
Qazlal
Ru
Sif Muna
Trog
Vehumet
Wu Jian
Xom
Zin

Shops:
D:2 [   D:3 *


Innate Abilities, Weirdness & Mutations

You are an enormous anaconda.
You have a powerful constriction melee attack.
Your maximum health is decreased, since you lack skill for your form.
Your armour is entirely melded.
You are incapable of wielding weapons or throwing items.
You cannot wear most types of armour.
You are amphibious.
You can wear up to eight rings at the same time.
((Your skin changes colour to match your surroundings (Stealth+).))
((Your rubbery body absorbs attacks. (AC +1, EV +1)))
((You are camouflaged when in or above water. (Stealth+)))
((You have tentacles for arms and can constrict up to eight enemies at once.))


Message History

You enter the shallow water.
A kobold comes into view. It is wielding a +0 dagger.
Found a scroll labelled NIEQIADD YCYOM.
You enter the shallow water.
The kobold shouts!
The kobold barely misses you.
You lash the kobold!
You kill the kobold!
You hear a splash. x2
No target in view!
You now have 204 gold pieces (gained 5).
Things that are here:
a +0 dagger; a stone
t - a scroll labelled NIEQIADD YCYOM You enter the shallow water.
You enter the shallow water.
You enter the shallow water.
A kobold brigand and an endoplasm come into view.
The kobold brigand is wielding a +0 short sword and quivering curare-tipped darts.
The kobold brigand shouts!
The kobold brigand throws a curare-tipped dart.
The curare-tipped dart hits you.
You are poisoned.
You have difficulty breathing.
You feel yourself slow down.
You hit the endoplasm.
The endoplasm is moderately wounded.
You feel very sick.
The kobold brigand throws a curare-tipped dart.
The curare-tipped dart hits you.
You are lethally poisoned!
You have difficulty breathing.
You feel as though you will be slow longer.
The endoplasm barely misses you.
You body-slam the endoplasm!!
You kill the endoplasm!
* * * LOW HITPOINT WARNING * * *
You feel extremely sick.
Unknown command.
You die...
Your body crumbles into a pile of gold.

####### #.~~~~#####
#####~..~~#######
#.)~~~###~~~~..~##
####### #..~~~~..# #
#.K~~~###~...~.~.####
#####~~~~~####..~.##~
#.~~S~##### ##~.~~~~
####### ##~~...
#~.... #~~~~~ #~~~..
####### ##~~..~
#.~)~~##### ##~.~~~.
#####~~~~~####~.~.##~
#.~~~.###~.~.~~~~####


There were no monsters in sight!

Vanquished Creatures
  An ogre (D:4)
  3 kobold brigands (Sewer)
  An orc priest (D:5)
  3 iguanas
  9 adders
  3 worms
  A dart slug (D:4)
  11 orcs
  9 bats
  11 endoplasms
  6 giant cockroaches
  12 goblins
  10 hobgoblins
  9 kobolds
  2 quokkas (D:1)
  12 ball pythons
  4 frilled lizards
  5 rats
112 creatures vanquished.

Notes
Turn   | Place    | Note
-------+----------+-------------------------------------------
     0 | D:1      | Gelion the Octopode Shapeshifter began the quest for the
                  | Orb.
     0 | D:1      | Reached XP level 1. HP: 13/13 MP: 1/1
    78 | D:1      | Reached XP level 2. HP: 12/18 MP: 2/2
   399 | D:1      | Reached XP level 3. HP: 23/23 MP: 3/3
   887 | D:2      | Reached XP level 4. HP: 28/29 MP: 4/4
  1110 | D:2      | Found Qabuz's Armour Emporium.
  1110 | D:2      | Noticed an animated crystal plate armour
  1111 | D:2      | Noticed an animated pearl dragon scales
  1237 | D:2      | Found a faded altar of an unknown god.
  1787 | D:3      | Reached skill level 4 in Shapeshifting
  1891 | D:3      | Reached XP level 5. HP: 29/34 MP: 5/5
  2037 | D:3      | Found Qovocuus's Assorted Antiques.
  2562 | D:4      | Found a radiant altar of Vehumet.
  2565 | D:4      | Noticed an ogre
  2575 | D:4      | Killed an ogre
  2576 | D:4      | Reached XP level 6. HP: 27/41 MP: 6/6
  2825 | D:5      | Entered Level 5 of the Dungeon
  2922 | D:5      | Found a stormy altar of Qazlal.
  2923 | D:5      | Noticed a fire elemental
  2929 | D:5      | Noticed a water elemental
  2929 | D:5      | Noticed an air elemental
  2940 | D:5      | Found a staircase to the Ecumenical Temple.
  2949 | Temple   | Entered the Ecumenical Temple
  2978 | Temple   | Became a worshipper of Gozag Ym Sagoz the Greedy
  3087 | D:5      | Found an ornate altar of the Wu Jian Council.
  3299 | D:5      | Found a glowing drain.
  3312 | Sewer    | Entered a sewer
  3339 | Sewer    | Reached skill level 5 in Shapeshifting
  3339 | Sewer    | Reached XP level 7. HP: 32/46 MP: 7/7
  3606 | Sewer    | Succumbed to a kobold brigand's curare-tipped dart

Illustrated notes

Levels and vault maps discovered:
D:1:      scummos_arrival_simple_crosswalls, layout_rooms,
          hangedman_decor_growths, hangedman_glass_teeth
D:2:      minmay_alternating_diamond, layout_basic, serial_shops,
          nicolae_shop_mannequins, hellmonk_ecumenical_altar_inner_sanctum
D:3:      layout_basic, serial_shops, nicolae_shop_just_a_little_nook,
          minivault_14
D:4:      layout_rooms, mainiacjoe_overflow_paths
D:5:      layout_basic, nicolae_wu_jian_wuxing_cycle,
          nicolae_qazlal_style_of_elements, minmay_temple_entry_waves,
          cheibrodos_sewer_entry_bend
Temple:   nicolae_temple_elliptical
Sewer:    sewer_co_tree

Skill      XL: |  1  2  3  4  5  6 |
---------------+-------------------+-----
Fighting       | 2 3 |  3.8
Shapeshifting  | 4 5 |  5.5
Unarmed Combat | 4 |  4.9
Dodging        | |  2.0

Action                     |  1- 3 |  4- 6 |  7- 9 || total
---------------------------+-------+-------+-------++-------
  Melee: Unarmed           |    66 |   136 |    20 ||   222
         Constrict         |    19 |    34 |     4 ||    57
         Tentacles         |    10 |    12 |       ||    22
         Punch             |     3 |       |       ||     3
    Use: Scroll            |       |    11 |       ||    11
         Potion            |       |     2 |       ||     2
   Stab: Sleeping          |     2 |     8 |       ||    10
 Armour: Skin              |     6 |    22 |     4 ||    32
  Dodge: Dodged            |    35 |    62 |     7 ||   104
   Form: Anaconda          |       |     1 |       ||     1

Table legend: (Time is in decaauts)
 A = Elapsed time spent in this place.
 B = Non-inter-level travel time spent in this place.
 C = Inter-level travel time spent in this place.
 D = Time resting spent in this place.
 E = Time spent auto-exploring this place.
 F = Levels seen in this place.
 G = Mean time per level.
                   A        B        C        D        E       F      G
               +--------+--------+--------+--------+--------+-----+--------+
         Total |   3573 |   3162 |    411 |    147 |   2245 |   7 |  510.4 |
       Dungeon |   3222 |   2866 |    356 |    147 |   2025 |   5 |  644.4 |
        Temple |     57 |      2 |     55 |      0 |      0 |   1 |   57.0 |
         Sewer |    293 |    293 |      0 |      0 |    220 |   1 |  293.0 |
               +--------+--------+--------+--------+--------+-----+--------+

Top non-repeatable levels by time:
     D:3: 890 daAuts
     D:1: 695 daAuts
     D:2: 679 daAuts
     D:4: 529 daAuts
     D:5: 427 daAuts
   Sewer: 293 daAuts
  Temple: 57 daAuts
